 Dungeon Crawl Stone Soup version 0.31.0-11-ge490571c62 (webtiles) character file.

Game seed: 3393658425528509342

109 qw the Skirmisher (level 4, 0/25 HPs)
             Began as a Deep Elf Hunter on Feb 5, 2024.
             Slain by a gnoll
             ... wielding a +0 spear
              (1 damage)
             ... on level 3 of the Dungeon.
             The game lasted 00:00:21 (1773 turns).

qw the Skirmisher (Deep Elf Hunter)                 Turns: 1773, Time: 00:00:21

Health: 0/25       AC:  6    Str: 10    XL:     4   Next: 59%
Magic:  6/6        EV: 11    Int: 14    God:
Gold:   86         SH:  0    Dex: 18    Spells: 3/3 levels left

rFire   . . .        a - +0 shortbow
rCold   . . .        (shield currently unavailable)
rNeg    . . .        g - +0 ring mail
rPois   .            (no helmet)
rElec   .            (no cloak)
rCorr   +            h - +0 pair of gloves
SInv    .            (no boots)
Will    .....        m - amulet of the acrobat
Stlth   +            j - ring of resist corrosion
HPRegen 0.24/turn    (no ring)
MPRegen 0.10/turn

%: acrobat
@: about to teleport
A: no striking features
a: no special abilities


You were on level 3 of the Dungeon.
You visited 1 branch of the dungeon, and saw 3 of its levels.

You collected 156 gold pieces.
You spent 70 gold pieces at shops.


   Skills:
 - Level 1.5 Fighting
 + Level 8.0 Ranged Weapons
 - Level 2.4 Dodging
 - Level 1.2 Stealth


You had 3 spell levels left.
You didn't know any spells.
Your spell library was empty.

Inventory:

Hand Weapons
 a - a +0 shortbow (weapon)
Armour
 g - a +0 ring mail (worn)
 h - a +0 pair of gloves (worn)
Jewellery
 j - a ring of resist corrosion (left hand)
 m - an amulet of the acrobat (around neck)
Scrolls
 b - a scroll of vulnerability {unknown}
 f - a scroll of identify
Potions
 c - a potion of ambrosia {unknown}
 d - a potion of curing
 e - a potion of cancellation
 i - 2 potions of brilliance {unknown}

Dungeon Overview and Level Annotations

Branches:
Dungeon (3/15)

Altars:

Shops:
D:2 ?


Message History

The arrow hits the gnoll but does no damage.
The gnoll is lightly wounded.
The gnoll hits you from afar with a +0 spear.
The gnoll closely misses you.
You shoot an arrow. The arrow hits the gnoll!
The gnoll is severely wounded.
The gnoll hits you from afar with a +0 spear.
The gnoll hits you but does no damage. The gnoll barely misses you.
You shoot an arrow. The arrow hits the gnoll.
The gnoll is severely wounded.
The gnoll hits you from afar with a +0 spear.
The gnoll barely misses you.
The gnoll hits you from afar with a +0 spear.
The gnoll closely misses you.
The gnoll hits you from afar with a +0 spear.
You shoot an arrow.
The arrow hits the gnoll but does no damage.
The gnoll is severely wounded.
The rat barely misses you. The gnoll hits you but does no damage.
The gnoll barely misses you. x2
You shoot an arrow. The arrow hits the gnoll.
The gnoll is almost dead.
The rat completely misses you. The gnoll barely misses you.
The gnoll hits you from afar with a +0 spear.
The gnoll barely misses you.
You shoot an arrow. The arrow hits the gnoll!
You kill the gnoll!
The rat closely misses you. The gnoll barely misses you.
The gnoll closely misses you.
Your Ranged Weapons skill increases to level 8!
You shoot an arrow. The arrow barely misses the rat.
The rat bites you. The gnoll barely misses you.
The gnoll hits you from afar with a +0 spear.
1773 ||| READING scroll of teleportation.
As you read the scroll of teleportation, it crumbles to dust.
You feel strangely unstable.
The rat twitches its whiskers.
The rat bites you but does no damage.
The gnoll hits you from afar with a +0 spear. x2
You die...

.
.......###..###....#
. #..##.#.......#
#.######......#..#..#
#.#................##
#...[........#.#.###
#...).............#
#.##.########...#...
# ##)### ....#####
#.@..# ##..##
#.)r...# .##
.gg...### ##
##......# ##.......
#....#### ####.. ...


You could see 2 gnolls and a rat.

Vanquished Creatures
  Jessica (D:2)
  2 gnolls (D:3)
  A dart slug (D:2)
  A ribbon worm (D:3)
  An orc (D:3)
  5 bats
  7 endoplasms
  A giant cockroach (D:1)
  5 goblins
  5 hobgoblins
  A jackal (D:2)
  4 kobolds
  4 quokkas
  4 ball pythons
  3 frilled lizards
  11 rats
56 creatures vanquished.

Notes
Turn   | Place    | Note
-------+----------+-------------------------------------------
     0 | D:1      | qw the Deep Elf Hunter began the quest for the Orb.
     0 | D:1      | Reached XP level 1. HP: 12/12 MP: 3/3
     0 | D:1      | 0 ||| qw: Version: 0.3-a-160-g6735b56
     0 | D:1      | 0 ||| qw: Game counter: 6203
     0 | D:1      | 0 ||| qw: Melee chars always use a shield: true
     0 | D:1      | 0 ||| qw: God list: Okawaru
     0 | D:1      | 0 ||| qw: Allow faded altars: false
     0 | D:1      | 0 ||| qw: Do Orc after clearing Dungeon:15 true
     0 | D:1      | 0 ||| qw: Do second Lair branch before Depths: true
     0 | D:1      | 0 ||| qw: Lair rune preference: random
     0 | D:1      | 0 ||| qw: Goals: Normal
     0 | D:1      | 0 ||| PLANNING D:1-11
   102 | D:1      | Reached XP level 2. HP: 16/16 MP: 4/4
   134 | D:1      | Reached skill level 6 in Ranged Weapons
   581 | D:1      | 581 ||| UPGRADING to +0 ring mail.
   591 | D:1      | 591 ||| DROPPING +0 leather armour.
   592 | D:1      | 592 ||| DROPPING +6 ring of intelligence.
   593 | D:1      | 593 ||| READING 2 scrolls labelled YSUCIARORUU.
   594 | D:1      | 594 ||| READING scroll labelled VOLYUCR BIZIE.
   595 | D:1      | 595 ||| READING scroll labelled FIZIUTR QEFI.
   595 | D:1      | 595 ||| IDENTIFYING metallic ruby potion
   596 | D:1      | 596 ||| DROPPING scroll of butterflies.
   597 | D:1      | 597 ||| DROPPING scroll of noise.
   638 | D:2      | Reached XP level 3. HP: 20/20 MP: 5/5
   855 | D:2      | Reached skill level 7 in Ranged Weapons
  1145 | D:2      | Found Jadulump's Magic Scroll Emporium.
  1152 | D:2      | 1152 ||| BUYING scroll of identify (28 gold).
  1152 | D:2      | Bought a scroll of identify for 28 gold pieces
  1152 | D:2      | 1152 ||| BUYING scroll of teleportation (42 gold).
  1152 | D:2      | Bought a scroll of teleportation for 42 gold pieces
  1153 | D:2      | Noticed Jessica
  1155 | D:2      | Killed Jessica
  1156 | D:2      | Reached XP level 4. HP: 25/25 MP: 6/6
  1521 | D:2      | 1521 ||| UPGRADING to +0 pair of gloves.
  1526 | D:2      | 1526 ||| UPGRADING to amulet of the acrobat.
  1531 | D:2      | 1531 ||| DROPPING ring of wizardry.
  1532 | D:2      | 1532 ||| UPGRADING to ring of resist corrosion.
  1533 | D:2      | 1533 ||| READING 2 scrolls of identify.
  1533 | D:2      | 1533 ||| IDENTIFYING ruby potion
  1534 | D:2      | 1534 ||| READING scroll of identify.
  1534 | D:2      | 1534 ||| IDENTIFYING lumpy sapphire potion
  1535 | D:2      | 1535 ||| READING scroll labelled ITOYXT ETANKOLL.
  1536 | D:2      | 1536 ||| DROPPING potion of degeneration.
  1772 | D:3      | Reached skill level 8 in Ranged Weapons
  1772 | D:3      | HP: 6/25 [gnoll/+0 spear (4)]
  1773 | D:3      | 1773 ||| READING scroll of teleportation.
  1773 | D:3      | HP: 1/25 [gnoll/+0 spear (5)]
  1773 | D:3      | Slain by a gnoll

Levels and vault maps discovered:
D:1:      ncdulo_smallfort, layout_loops_ring
D:2:      layout_basic, serial_shops, shop, minmay_increasing_density,
          uniq_jessica
D:3:      layout_rooms

Skill      XL: |  1  2  3  4 |
---------------+-------------+-----
Ranged Weapons | 6 7 8 |  8.0
Fighting       | |  1.5
Dodging        | |  2.4
Stealth        | |  1.2

Action                     |  1- 3 |  4- 6 || total
---------------------------+-------+-------++-------
   Fire: Shortbow          |    95 |    48 ||   143
    Use: Scroll            |     3 |     4 ||     7
 Armour: Leather armour    |     2 |       ||     2
         Ring mail         |    12 |    21 ||    33
  Dodge: Dodged            |    13 |    20 ||    33

Table legend:
 A = Non-vault XP
 B = Vault XP
 C = Vault XP percentage of total XP
 D = Non-vault monster count
 E = Vault monster count
 F = Vault count percentage of total count
                 A         B        C        D         E       F
            +---------+---------+-------+---------+---------+-------
      Total |     100 |      56 |  35.9 |      46 |      10 |  17.9
            +---------+---------+-------+---------+---------+-------
        D:1 |      37 |       0 |   0.0 |      24 |       0 |   0.0
        D:2 |      19 |      56 |  74.7 |      12 |      10 |  45.5
        D:3 |      44 |       0 |   0.0 |      10 |       0 |   0.0
            +---------+---------+-------+---------+---------+-------
